 Dungeon Crawl Stone Soup version 0.29-a0-1030-gf5f8719cae (webtiles) character file.

Game seed: 4742345791489426930

155 27heaven the Slasher (level 5, -1/36 HPs)
             Began as an Octopode Monk on Aug 13, 2022.
             Slain by a goblin
             ... wielding a +0 club
              (3 damage)
             ... on level 3 of the Dungeon.
             The game lasted 00:02:24 (2115 turns).

27heaven the Slasher (Octopode Monk)                Turns: 2115, Time: 00:02:24

Health: -1/36      AC:  1    Str: 17    XL:     5   Next: 37%
Magic:  5/5        EV: 14    Int: 12    God:
Gold:   158        SH:  0    Dex: 16    Spells: 4/4 levels left

rFire   . . .      SeeInvis .   a - +0 falchion
rCold   . . .      Faith    .   (no shield)
rNeg    . . .      Spirit   .   (helmet restricted)
rPois   .          Reflect  .   (no amulet)
rElec   .          Harm     .   b - +6 ring of strength
rCorr   .          Rampage  .   (no ring)
Will    .....                   (no ring)
Stlth   +++.......              (no ring)
HPRegen 0.12/turn               (no ring)
MPRegen 0.09/turn               (no ring)
                                (no ring)
                                (no ring)

@: no status effects
A: almost no armour, amphibious, 8 rings, camouflage 1, gelatinous body 1,
(nimble swimmer 1), tentacles
a: no special abilities


You were on level 3 of the Dungeon.
You visited 1 branch of the dungeon, and saw 3 of its levels.

You collected 158 gold pieces.

Inventory:

Hand Weapons
 a - a +0 falchion (weapon)
Jewellery
 b - a +6 ring of strength (left tentacle)
Scrolls
 c - 4 scrolls of fog {unknown}
Potions
 d - 2 potions of mutation {unknown}
 e - a potion of curing {unknown}
 f - a potion of attraction {unknown}
 g - 2 potions of lignification {unknown}


   Skills:
 - Level 3.0 Fighting
 + Level 5.8 Long Blades
 - Level 3.0 Dodging
 - Level 2.7 Stealth


You had 4 spell levels left.
You didn't know any spells.
Your spell library contained the following spells:

 Spells                   Type           Power      Damage    Failure   Level
 Gell's Gravitas          Tloc           0%         N/A       69%         3
 Teleport Other           Tloc           0%         N/A       69%         3
 Dispersal                Tloc           0%         N/A       100%        6


Dungeon Overview and Level Annotations

Branches:
Dungeon (3/15)

Altars:


Innate Abilities, Weirdness & Mutations

You cannot wear most types of armour.
You are amphibious.
You can wear up to eight rings at the same time.
Your skin changes colour to match your surroundings (Stealth+).
Your rubbery body absorbs attacks. (AC +1, EV +1)
((You are camouflaged when in or above water. (Stealth+)))
You have tentacles for arms and can constrict up to eight enemies at once.


Message History

The orc wizard gestures wildly while chanting.
The orc wizard flickers and vanishes!
Deactivating autopickup; reactivate with Ctrl-A.
There are monsters nearby!
The orc closely misses you.
You hit the orc. You grab the orc.
The orc is lightly wounded.
You constrict the orc, but do no damage.
The orc hits you with a +0 flail! The orc closely misses you.
You hit the orc but do no damage. You squeeze the orc.
You kill the orc!
You hit the goblin. Your grab misses the goblin.
The goblin is moderately wounded.
The goblin hits you with a +0 club.
You closely miss the goblin. Your grab misses the goblin.
Your squeeze misses the goblin.
The goblin is moderately wounded.
The goblin barely misses you. Something hits you.
The orc hits you with a +0 club. The goblin hits you with a +0 club.
Something hits you. The orc hits you with a +0 club.
* * * LOW HITPOINT WARNING * * *
The goblin hits you but does no damage.
You hear some strange, mumbled words.
Something tries to affect you, but you resist.
The goblin attacks as you move away! The goblin hits you with a +0 club.
* * * LOW HITPOINT WARNING * * *
The goblin attacks as you move away! The goblin barely misses you.
The goblin attacks as you move away! The goblin barely misses you.
The goblin attacks as you move away! The goblin barely misses you.
The goblin attacks as you move away! The goblin hits you but does no damage.
The goblin attacks as you move away! The goblin hits you but does no damage.
The goblin attacks as you move away! The goblin closely misses you.
The goblin attacks as you move away! The goblin hits you with a +0 club.
* * * LOW HITPOINT WARNING * * *
The goblin attacks as you move away! The goblin barely misses you.
The goblin attacks as you move away! The goblin hits you with a +0 club.
* * * LOW HITPOINT WARNING * * *
The goblin attacks as you move away! The goblin closely misses you.
The goblin attacks as you move away! The goblin hits you with a +0 club.
You die...

#..# #.....###....# #.#
#..#########..#..#.## #.#
#..##...........##.# ##.#
#..##...#.#.#..###.# ♣.♣#
............<..# #.# #..#
....)...#.#.#.####.### ♣.♣#
#.###<)##............# #..##
...))..###..######.#.#####♣.♣.#
#.####.# #.^....@g.....o....#.#
..# #.# #.#######.#.#####♣.♣.#
### #.# #.# #.#.# #.#.# #.# #.#
####.#.# #.#.# #.# #.# #....#.#
#.#.# #.# #.# #.####.# #.#.#
####.# #.# #.# #.# #.#.# #....#
#.# #.# #.# #o..# #.##.# #.#
#.# #.# ##.)#


You could see an orc and a goblin.

Vanquished Creatures
  An orc wizard (D:2)
  3 gnolls
  2 adders (D:2)
  2 worms (D:2)
  3 dart slugs
  3 orcs
  8 ball pythons
  7 endoplasms
  A giant cockroach (D:3)
  6 goblins
  7 hobgoblins
  A jackal (D:2)
  3 quokkas
  8 bats
  A frilled lizard (D:2)
  5 kobolds
  4 rats
65 creatures vanquished.

Notes
Turn   | Place    | Note
-------+----------+-------------------------------------------
     0 | D:1      | 27heaven the Octopode Monk began the quest for the Orb.
     0 | D:1      | Reached XP level 1. HP: 16/16 MP: 1/1
    96 | D:1      | Reached XP level 2. HP: 20/21 MP: 2/2
   413 | D:1      | Reached skill level 4 in Long Blades
   413 | D:1      | Reached XP level 3. HP: 26/26 MP: 3/3
   986 | D:2      | Reached XP level 4. HP: 31/31 MP: 4/4
  1143 | D:2      | Reached skill level 5 in Long Blades
  1668 | D:3      | Reached XP level 5. HP: 36/36 MP: 5/5
  2109 | D:3      | HP: 1/36 [goblin/+0 club (3)]
  2115 | D:3      | Slain by a goblin

Illustrated notes

Levels and vault maps discovered:
D:1:      minmay_arrival_stone_box, layout_rooms, minmay_ruptured
D:2:      layout_basic, chequers_serial_rivers_large_a, minmay_circle_x
D:3:      layout_loops_ring, serial_forest, infiniplex_forest_end_double,
          infiniplex_forest_lined_2, infiniplex_forest_straight_2,
          infiniplex_forest_lined_ring, infiniplex_forest_lined_2,
          infiniplex_forest_lined_ring, infiniplex_forest_pool,
          infiniplex_forest_lined_2

Skill      XL: |  1  2  3  4 |
---------------+-------------+-----
Long Blades    | 4 5 |  5.8
Fighting       | |  3.0
Dodging        | |  3.0
Stealth        | |  2.7

Action                   |  1- 3 |  4- 6 || total
-------------------------+-------+-------++-------
Melee: Falchion          |    53 |    56 ||   109
       Constrict         |    13 |    15 ||    28
       Tentacles         |    10 |    13 ||    23
       Punch             |     1 |     1 ||     2
 Stab: Sleeping          |    10 |     9 ||    19
       Distracted        |     1 |       ||     1
Armor: Skin              |     4 |     4 ||     8
Dodge: Dodged            |    26 |    39 ||    65

Table legend: (Time is in decaauts)
 A = Elapsed time spent in this place.
 B = Non-inter-level travel time spent in this place.
 C = Inter-level travel time spent in this place.
 D = Time resting spent in this place.
 E = Time spent auto-exploring this place.
 F = Levels seen in this place.
 G = Mean time per level.
                   A        B        C        D        E       F      G
               +--------+--------+--------+--------+--------+-----+--------+
         Total |   2124 |   2108 |     16 |    252 |   1382 |   3 |  708.0 |
       Dungeon |   2124 |   2108 |     16 |    252 |   1382 |   3 |  708.0 |
               +--------+--------+--------+--------+--------+-----+--------+

Top non-repeatable levels by time:
     D:2: 990 daAuts
     D:1: 665 daAuts
     D:3: 468 daAuts
